[Event "Live Chess"]
[Site "Chess.com"]
[Date "2010.12.09"]
[Round "-"]
[White "hipposcottimus"]
[Black "shanddog"]
[Result "1-0"]
[CurrentPosition "r1b1k2Q/ppppqp1p/7p/3P4/2B5/P7/5PPP/4R1K1 b - -"]
[Timezone "UTC"]
[ECO "C51"]
[ECOUrl "https://www.chess.com/openings/Giuoco-Piano-Game-Evans-Accepted-Stone-Ware-Variation"]
[UTCDate "2010.12.09"]
[UTCTime "04:33:01"]
[WhiteElo "1417"]
[BlackElo "1554"]
[TimeControl "300"]
[Termination "hipposcottimus won by checkmate"]
[StartTime "04:33:01"]
[EndDate "2010.12.09"]
[EndTime "04:35:15"]
[Link "https://www.chess.com/game/live/75467857"]

1. e4 e5 2. Nf3 Nc6 3. Bc4 Bc5 4. b4 Bxb4 5. c3 Bd6 6. O-O Nh6 7. d4 exd4 8. Bxh6 gxh6 9. cxd4 Qe7 10. e5 Bb4 11. a3 Ba5 12. d5 Nxe5 13. Nxe5 Qxe5 14. Nd2 Bxd2 15. Qxd2 Qd6 16. Rfe1+ Kd8 17. Qd4 Re8 18. Rxe8+ Kxe8 19. Re1+ Qe7 20. Qh8# 1-0

[Event "Live Chess"]
[Site "Chess.com"]
[Date "2010.12.09"]
[Round "-"]
[White "kiko_matching"]
[Black "hipposcottimus"]
[Result "1-0"]
[CurrentPosition "r4rk1/p1qnb1Qp/b1p5/2Pp4/1P2pN2/P3P3/1BB3PP/R4RK1 b - -"]
[Timezone "UTC"]
[ECO "D00"]
[ECOUrl "https://www.chess.com/openings/Queens-Pawn-Opening-1...d5-2.e3"]
[UTCDate "2010.12.09"]
[UTCTime "04:31:11"]
[WhiteElo "1974"]
[BlackElo "1666"]
[TimeControl "60"]
[Termination "kiko_matching won by checkmate"]
[StartTime "04:31:11"]
[EndDate "2010.12.09"]
[EndTime "04:32:03"]
[Link "https://www.chess.com/game/live/75467532"]

1. d4 d5 2. e3 c6 3. c4 Nd7 4. Nc3 e6 5. a3 Ngf6 6. b3 Ne4 7. Bb2 Be7 8. Qc2 f5 9. Bd3 O-O 10. f3 Nxc3 11. Qxc3 Bf6 12. Ne2 e5 13. O-O e4 14. fxe4 fxe4 15. Bc2 Qc7 16. Nf4 Be7 17. b4 b6 18. c5 bxc5 19. dxc5 Ba6 20. Qxg7# 1-0

[Event "Live Chess"]
[Site "Chess.com"]
[Date "2010.12.09"]
[Round "-"]
[White "MasonWiest"]
[Black "hipposcottimus"]
[Result "1-0"]
[CurrentPosition "1k1r2r1/ppp1bQ1p/8/8/P2B4/2P3P1/1PP4P/R5K1 b - -"]
[Timezone "UTC"]
[ECO "C30"]
[ECOUrl "https://www.chess.com/openings/Kings-Gambit-Declined-Queens-Knight-Defense-3.Nf3"]
[UTCDate "2010.12.09"]
[UTCTime "04:29:23"]
[WhiteElo "1825"]
[BlackElo "1668"]
[TimeControl "60+1"]
[Termination "MasonWiest won by resignation"]
[StartTime "04:29:23"]
[EndDate "2010.12.09"]
[EndTime "04:30:59"]
[Link "https://www.chess.com/game/live/75467065"]

1. e4 e5 2. f4 Nc6 3. Nf3 d5 4. exd5 e4 5. Ne5 Qxd5 6. Nxc6 Qxc6 7. a4 Nf6 8. Bb5 Bd7 9. Bxc6 Bxc6 10. O-O Nd5 11. Nc3 Nxc3 12. dxc3 Bd6 13. Be3 O-O-O 14. Qg4+ Bd7 15. f5 g6 16. Qxe4 Bxf5 17. Rxf5 gxf5 18. Qxf5+ Kb8 19. Bd4 Rhg8 20. g3 Be7 21. Qxf7 1-0

[Event "Live Chess"]
[Site "Chess.com"]
[Date "2010.12.09"]
[Round "-"]
[White "boh"]
[Black "hipposcottimus"]
[Result "1-0"]
[CurrentPosition "8/6Q1/8/3p4/3P4/5k2/2K2n1p/4R3 b - -"]
[Timezone "UTC"]
[ECO "C21"]
[ECOUrl "https://www.chess.com/openings/Danish-Gambit"]
[UTCDate "2010.12.09"]
[UTCTime "02:23:59"]
[WhiteElo "1400"]
[BlackElo "1405"]
[TimeControl "600"]
[Termination "boh won on time"]
[StartTime "02:23:59"]
[EndDate "2010.12.09"]
[EndTime "02:39:47"]
[Link "https://www.chess.com/game/live/75440597"]

1. e4 e5 2. d4 exd4 3. c3 Nf6 4. e5 Qe7 5. Nf3 d6 6. cxd4 Bg4 7. Be2 Bxf3 8. exf6 Bxe2 9. fxe7 Bxd1 10. exf8=Q+ Rxf8 11. Kxd1 Nd7 12. Nc3 O-O-O 13. Be3 f5 14. f4 Rf6 15. Re1 h6 16. a4 Nb6 17. b4 d5 18. Nb5 a6 19. Bf2 axb5 20. Bh4 g5 21. fxg5 Rg6 22. gxh6 Rh8 23. Bg3 bxa4 24. Re7 c6 25. Rc7+ Kd8 26. Rxb7 Nc4 27. Rb8+ Kd7 28. Rxh8 Ne3+ 29. Kc1 Nxg2 30. Rxa4 f4 31. Ra7+ Ke6 32. Ra6 fxg3 33. Rxc6+ Kf5 34. Rxg6 gxh2 35. Rf8+ Kxg6 36. Rf1 Ne3 37. Rh1 Ng4 38. b5 Kxh6 39. b6 Kh5 40. b7 Kh4 41. b8=Q Kh3 42. Qh8+ Kg2 43. Re1 Nf2 44. Qg7+ Kf3 45. Kc2 1-0

[Event "Live Chess"]
[Site "Chess.com"]
[Date "2010.12.09"]
[Round "-"]
[White "hipposcottimus"]
[Black "Eabani"]
[Result "0-1"]
[CurrentPosition "2r5/p3kppp/4p3/N2R4/8/1N6/n1r2bPP/4R1K1 w - -"]
[Timezone "UTC"]
[ECO "C02"]
[ECOUrl "https://www.chess.com/openings/French-Defense-Advance-Nimzowitsch-System"]
[UTCDate "2010.12.09"]
[UTCTime "00:34:49"]
[WhiteElo "1414"]
[BlackElo "1485"]
[TimeControl "300+5"]
[Termination "Eabani won by resignation"]
[StartTime "00:34:49"]
[EndDate "2010.12.09"]
[EndTime "00:46:26"]
[Link "https://www.chess.com/game/live/75417578"]

1. e4 e6 2. Nf3 d5 3. e5 c5 4. d4 cxd4 5. Nxd4 Qb6 6. Bb5+ Bd7 7. Bxd7+ Nxd7 8. O-O Nxe5 9. Be3 Qxb2 10. Nd2 Qc3 11. N2b3 Nc4 12. Nb5 Nxe3 13. Nxc3 Nxd1 14. Rfxd1 Be7 15. Nb5 Bd8 16. Nd6+ Ke7 17. Nxb7 Rc8 18. Rd2 Nf6 19. Nd4 Bb6 20. Nb3 Rc7 21. N7a5 Rhc8 22. Rc1 Ne4 23. Re2 Nc3 24. Rd2 Nxa2 25. Re1 Rxc2 26. Rxd5 Bxf2+ 0-1

[Event "Live Chess"]
[Site "Chess.com"]
[Date "2010.12.08"]
[Round "-"]
[White "KongeJaeger"]
[Black "hipposcottimus"]
[Result "0-1"]
[CurrentPosition "r4rk1/1pp2ppp/pn5B/2qP1P2/5N2/6n1/PPP3PP/R4R1K w - -"]
[Timezone "UTC"]
[ECO "C31"]
[ECOUrl "https://www.chess.com/openings/Kings-Gambit-Declined-Falkbeer-Accepted-Staunton-Line-4.Nc3-Nf6"]
[UTCDate "2010.12.08"]
[UTCTime "20:28:21"]
[WhiteElo "1496"]
[BlackElo "1421"]
[TimeControl "300+10"]
[Termination "hipposcottimus won by resignation"]
[StartTime "20:28:21"]
[EndDate "2010.12.08"]
[EndTime "20:36:22"]
[Link "https://www.chess.com/game/live/75355274"]

1. e4 e5 2. f4 d5 3. exd5 e4 4. Nc3 Nf6 5. Bb5+ Bd7 6. Bxd7+ Nbxd7 7. Nge2 Nb6 8. O-O Bc5+ 9. Kh1 O-O 10. d4 exd3 11. Qxd3 a6 12. f5 Ng4 13. Ne4 Bd6 14. Nxd6 Qxd6 15. Bf4 Qc5 16. Qg3 Nf6 17. Bh6 Nh5 18. Nf4 Nxg3+ 0-1

[Event "Live Chess"]
[Site "Chess.com"]
[Date "2010.12.08"]
[Round "-"]
[White "hipposcottimus"]
[Black "Djamiat"]
[Result "0-1"]
[CurrentPosition "2k5/Q1p3pp/1p5r/3p4/1P1N4/6P1/1PP2qP1/R6K w - -"]
[Timezone "UTC"]
[ECO "C42"]
[ECOUrl "https://www.chess.com/openings/Petrovs-Defense-Urusov-Gambit"]
[UTCDate "2010.12.08"]
[UTCTime "04:43:45"]
[WhiteElo "1673"]
[BlackElo "1574"]
[TimeControl "60"]
[Termination "Djamiat won by checkmate"]
[StartTime "04:43:45"]
[EndDate "2010.12.08"]
[EndTime "04:45:45"]
[Link "https://www.chess.com/game/live/75143145"]

1. e4 e5 2. Nf3 Nf6 3. Bc4 d6 4. Ng5 Be6 5. Bxe6 fxe6 6. Nxe6 Qe7 7. Nxf8 Rxf8 8. d4 Nxe4 9. O-O exd4 10. Qxd4 Nc6 11. Qd3 Nb4 12. Qd4 d5 13. Na3 O-O-O 14. Qxa7 b6 15. Nb5 Rxf2 16. Nd4 Rf6 17. Rxf6 Qxf6 18. Bf4 Qxf4 19. a3 Qf2+ 20. Kh1 Rd6 21. axb4 Ng3+ 22. hxg3 Rh6# 0-1

[Event "Live Chess"]
[Site "Chess.com"]
[Date "2010.12.08"]
[Round "-"]
[White "Djamiat"]
[Black "hipposcottimus"]
[Result "1-0"]
[CurrentPosition "3r1rk1/pp3ppp/2qbnN2/8/6Q1/8/PPP2PPP/3R1RK1 b - -"]
[Timezone "UTC"]
[ECO "C65"]
[ECOUrl "https://www.chess.com/openings/Ruy-Lopez-Opening-Berlin-Defense-4.d4"]
[UTCDate "2010.12.08"]
[UTCTime "04:41:34"]
[WhiteElo "1562"]
[BlackElo "1683"]
[TimeControl "60"]
[Termination "Djamiat won on time"]
[StartTime "04:41:34"]
[EndDate "2010.12.08"]
[EndTime "04:43:22"]
[Link "https://www.chess.com/game/live/75142725"]

1. e4 e5 2. Nf3 Nc6 3. Bb5 Nf6 4. d4 Nxd4 5. Nxd4 exd4 6. Qxd4 c6 7. Qe5+ Be7 8. Bc4 d5 9. exd5 cxd5 10. Bb5+ Bd7 11. Bxd7+ Qxd7 12. O-O O-O 13. Bg5 Bd6 14. Qd4 Ne4 15. Nc3 Nxg5 16. Nxd5 Ne6 17. Qd3 Qc6 18. Rad1 Nc5 19. Qd4 Rad8 20. Qg4 Ne6 21. Nf6+ 1-0

[Event "Live Chess"]
[Site "Chess.com"]
[Date "2010.12.08"]
[Round "-"]
[White "hipposcottimus"]
[Black "iChubbyFace"]
[Result "1-0"]
[CurrentPosition "1k1r3r/p4ppp/1p2p3/1RR1P3/Q4P2/3P4/6PP/6K1 b - -"]
[Timezone "UTC"]
[ECO "B20"]
[ECOUrl "https://www.chess.com/openings/Sicilian-Defense"]
[UTCDate "2010.12.08"]
[UTCTime "04:35:21"]
[WhiteElo "1410"]
[BlackElo "1337"]
[TimeControl "120+12"]
[Termination "hipposcottimus won by resignation"]
[StartTime "04:35:21"]
[EndDate "2010.12.08"]
[EndTime "04:41:03"]
[Link "https://www.chess.com/game/live/75141574"]

1. e4 c5 2. Bb5 Qb6 3. Nc3 Nf6 4. e5 Ne4 5. Bxd7+ Bxd7 6. Nxe4 Nc6 7. f4 O-O-O 8. Nf3 c4 9. d3 cxd3 10. cxd3 Bf5 11. Qe2 Qb4+ 12. Bd2 Qxb2 13. O-O Nd4 14. Qe3 Nxf3+ 15. Qxf3 Bxe4 16. Qxe4 Qxd2 17. Rfc1+ Kb8 18. Rab1 b6 19. a4 e6 20. Rc6 Qa5 21. Rb5 Bc5+ 22. Rcxc5 Qxa4 23. Qxa4 1-0

[Event "Live Chess"]
[Site "Chess.com"]
[Date "2010.12.08"]
[Round "-"]
[White "venkatagirigollapall"]
[Black "hipposcottimus"]
[Result "0-1"]
[CurrentPosition "2kq3r/ppp2N2/2p5/5R2/4P3/3PB2p/PPPK1P2/7Q b - -"]
[Timezone "UTC"]
[ECO "C65"]
[ECOUrl "https://www.chess.com/openings/Ruy-Lopez-Opening-Berlin-Defense-4.Bxc6-dxc6-5.d3"]
[UTCDate "2010.12.08"]
[UTCTime "03:59:46"]
[WhiteElo "1247"]
[BlackElo "1410"]
[TimeControl "600+2"]
[Termination "hipposcottimus won - game abandoned"]
[StartTime "03:59:46"]
[EndDate "2010.12.08"]
[EndTime "04:10:04"]
[Link "https://www.chess.com/game/live/75133251"]

1. e4 e5 2. Nf3 Nc6 3. Bb5 Nf6 4. Bxc6 dxc6 5. d3 Bg4 6. h3 Bh5 7. g4 Nxg4 8. hxg4 Bxg4 9. Rg1 Bh5 10. Nbd2 Bc5 11. Rxg7 Qf6 12. Rg5 Bxf3 13. Nxf3 O-O-O 14. Rxe5 Rde8 15. Rxc5 h5 16. Rf5 Qg6 17. Be3 h4 18. Kd2 h3 19. Qh1 Reg8 20. Bd4 Rh7 21. Rg1 Qh6+ 22. Be3 Rxg1 23. Nxg1 Qh4 24. Nf3 Qd8 25. Ng5 Rh8 26. Nxf7 0-1

[Event "Live Chess"]
[Site "Chess.com"]
[Date "2010.12.08"]
[Round "-"]
[White "hipposcottimus"]
[Black "soondead"]
[Result "1-0"]
[CurrentPosition "2Q5/ppN3k1/6r1/8/8/8/PP3P1P/R4K2 b - -"]
[Timezone "UTC"]
[ECO "C40"]
[ECOUrl "https://www.chess.com/openings/Kings-Pawn-Opening-Kings-Knight-Variation"]
[UTCDate "2010.12.08"]
[UTCTime "03:46:01"]
[WhiteElo "1405"]
[BlackElo "1360"]
[TimeControl "360"]
[Termination "hipposcottimus won by resignation"]
[StartTime "03:46:01"]
[EndDate "2010.12.08"]
[EndTime "03:51:54"]
[Link "https://www.chess.com/game/live/75131690"]

1. e4 e5 2. Nf3 h5 3. Nxe5 h4 4. d4 d6 5. Nxf7 Kxf7 6. Bc4+ Ke8 7. Qf3 Qf6 8. Bf4 Nc6 9. e5 dxe5 10. dxe5 Nxe5 11. Qe4 Bb4+ 12. c3 Bxc3+ 13. Nxc3 Ne7 14. Bxe5 Qf5 15. Qd4 Nc6 16. Bb5 Bd7 17. Bxc6 Bxc6 18. O-O h3 19. Rfe1 Kf7 20. Bxg7 Rhg8 21. Re5 Qd7 22. Qf4+ Kxg7 23. Rg5+ Kh8 24. Qh4+ Qh7 25. Rh5 Rxg2+ 26. Kf1 Bb5+ 27. Nxb5 Qxh5 28. Qxh5+ Kg7 29. Qxh3 Rg6 30. Nxc7 Rc8 31. Qxc8 1-0

[Event "Live Chess"]
[Site "Chess.com"]
[Date "2010.12.08"]
[Round "-"]
[White "hipposcottimus"]
[Black "kaneohe"]
[Result "1-0"]
[CurrentPosition "5k2/p1p2r2/2p2b2/2q3P1/8/5Q2/PP5P/5R1K b - -"]
[Timezone "UTC"]
[ECO "C41"]
[ECOUrl "https://www.chess.com/openings/Philidor-Defense-3.Bc4-Nf6"]
[UTCDate "2010.12.08"]
[UTCTime "03:14:06"]
[WhiteElo "1693"]
[BlackElo "1604"]
[TimeControl "60"]
[Termination "hipposcottimus won on time"]
[StartTime "03:14:06"]
[EndDate "2010.12.08"]
[EndTime "03:16:04"]
[Link "https://www.chess.com/game/live/75125152"]

1. e4 e5 2. Nf3 d6 3. Bc4 Nf6 4. d4 exd4 5. e5 dxe5 6. Nxe5 Be6 7. Bxe6 fxe6 8. O-O Be7 9. Bg5 Nc6 10. Bxf6 Bxf6 11. Qh5+ g6 12. Nxg6 Rg8 13. Ne5+ Ke7 14. Nxc6+ bxc6 15. Qxh7+ Rg7 16. Qd3 Qe8 17. f4 Rd8 18. c3 e5 19. cxd4 exd4 20. f5 Qf7 21. Nd2 Kf8 22. Nc4 Qd7 23. Rae1 Qd5 24. Nd2 Re7 25. Nf3 Rxe1 26. Rxe1 Qe5 27. Rf1 Qd6 28. g3 Re8 29. Nxd4 Bxd4+ 30. Kh1 Qc5 31. Qf3 Re7 32. f6 Rf7 33. g4 Bxf6 34. g5 1-0

[Event "Live Chess"]
[Site "Chess.com"]
[Date "2010.12.08"]
[Round "-"]
[White "Sebas_ec"]
[Black "hipposcottimus"]
[Result "0-1"]
[CurrentPosition "r2qkb1r/pp3ppp/8/2p1B3/2BNp3/2n5/PPPK1PPP/R6R w kq c6"]
[Timezone "UTC"]
[ECO "C46"]
[ECOUrl "https://www.chess.com/openings/Three-Knights-Opening"]
[UTCDate "2010.12.08"]
[UTCTime "03:13:13"]
[WhiteElo "1397"]
[BlackElo "1693"]
[TimeControl "60"]
[Termination "hipposcottimus won by resignation"]
[StartTime "03:13:13"]
[EndDate "2010.12.08"]
[EndTime "03:13:56"]
[Link "https://www.chess.com/game/live/75124942"]

1. e4 e5 2. Nc3 Nc6 3. Nf3 Nf6 4. d4 d5 5. dxe5 dxe4 6. Nd4 Nxe5 7. Bf4 Bg4 8. Bxe5 Bxd1 9. Kxd1 Nd5 10. Bc4 Nxc3+ 11. Kd2 c5 0-1

[Event "Live Chess"]
[Site "Chess.com"]
[Date "2010.12.08"]
[Round "-"]
[White "latihan1"]
[Black "hipposcottimus"]
[Result "0-1"]
[CurrentPosition "3r3k/pppr2pp/7n/8/3P1Q2/1P6/1PP3PP/5RK1 w - -"]
[Timezone "UTC"]
[ECO "C00"]
[ECOUrl "https://www.chess.com/openings/French-Defense"]
[UTCDate "2010.12.08"]
[UTCTime "03:10:20"]
[WhiteElo "1812"]
[BlackElo "1693"]
[TimeControl "60"]
[Termination "hipposcottimus won on time"]
[StartTime "03:10:20"]
[EndDate "2010.12.08"]
[EndTime "03:12:32"]
[Link "https://www.chess.com/game/live/75124264"]

1. e4 e6 2. Bc4 d5 3. exd5 exd5 4. Bb3 Be7 5. Ne2 Nf6 6. O-O Be6 7. Ng3 O-O 8. d3 d4 9. Bg5 Bxb3 10. axb3 Nd5 11. f4 Bxg5 12. fxg5 Qxg5 13. Ne4 Qg6 14. Nbd2 f5 15. Nc5 Ne3 16. Qe2 Nxf1 17. Rxf1 Nc6 18. Nd7 Rfe8 19. Qf3 Ne5 20. Qd5+ Nf7 21. Nf3 Rad8 22. Nfe5 Re7 23. Nxg6 Rexd7 24. Qxf5 Nd6 25. Ne7+ Rxe7 26. Qd5+ Kh8 27. Qxd4 Red7 28. Qf4 Nf7 29. d4 Nh6 0-1

[Event "Live Chess"]
[Site "Chess.com"]
[Date "2010.12.08"]
[Round "-"]
[White "hipposcottimus"]
[Black "meencurry"]
[Result "0-1"]
[CurrentPosition "6k1/1p4p1/4p2p/3pP3/5qP1/B6P/2q5/7K b - -"]
[Timezone "UTC"]
[ECO "B40"]
[ECOUrl "https://www.chess.com/openings/Sicilian-Defense-French-Variation"]
[UTCDate "2010.12.08"]
[UTCTime "03:06:13"]
[WhiteElo "1686"]
[BlackElo "1763"]
[TimeControl "60"]
[Termination "meencurry won by resignation"]
[StartTime "03:06:13"]
[EndDate "2010.12.08"]
[EndTime "03:08:05"]
[Link "https://www.chess.com/game/live/75123450"]

1. e4 e6 2. Nf3 c5 3. e5 Nc6 4. d4 cxd4 5. Nxd4 Nxd4 6. Qxd4 Ne7 7. Nc3 Nf5 8. f4 Nxd4 9. Bb5 Nxc2+ 10. Kf2 Nxa1 11. Be3 a6 12. Ba4 Be7 13. Re1 O-O 14. Kg1 d5 15. Bf2 Bb4 16. Rxa1 Bxc3 17. bxc3 Bd7 18. Rf1 Bxa4 19. c4 Bb5 20. cxb5 axb5 21. Bg3 Rxa2 22. Rf2 Rxf2 23. Kxf2 Qb6+ 24. Kf3 Ra8 25. Bf2 Ra3+ 26. Kg4 Qd8 27. Bc5 f6 28. Bxa3 fxe5 29. fxe5 h6 30. Kf3 Qg5 31. Bd6 Qf5+ 32. Kg3 b4 33. h3 b3 34. Kh2 b2 35. g4 Qf4+ 36. Kg2 b1=Q 37. Ba3 Qc2+ 38. Kh1 0-1

[Event "Live Chess"]
[Site "Chess.com"]
[Date "2010.12.08"]
[Round "-"]
[White "meencurry"]
[Black "hipposcottimus"]
[Result "1-0"]
[CurrentPosition "4r3/p4k2/8/6R1/4BPK1/P5P1/7r/8 b - -"]
[Timezone "UTC"]
[ECO "D10"]
[ECOUrl "https://www.chess.com/openings/Slav-Defense-3.Nc3"]
[UTCDate "2010.12.08"]
[UTCTime "03:03:42"]
[WhiteElo "1756"]
[BlackElo "1693"]
[TimeControl "60"]
[Termination "meencurry won on time"]
[StartTime "03:03:42"]
[EndDate "2010.12.08"]
[EndTime "03:06:00"]
[Link "https://www.chess.com/game/live/75122899"]

1. d4 d5 2. c4 c6 3. Nc3 Nd7 4. e3 e6 5. Nf3 Ngf6 6. Bd3 Bb4 7. a3 Bxc3+ 8. bxc3 O-O 9. cxd5 cxd5 10. Qc2 Qc7 11. Bb2 e5 12. dxe5 Nxe5 13. Nxe5 Qxe5 14. c4 Qg5 15. O-O Bh3 16. g3 Bxf1 17. Bxf6 Qxf6 18. Bxh7+ Kh8 19. Rxf1 dxc4 20. Be4 g6 21. Bg2 Kg7 22. Qxc4 Rh8 23. Qe4 Rae8 24. Qd4 Re5 25. f4 Rf5 26. Qxf6+ Rxf6 27. e4 Ra6 28. Rf3 Ra4 29. e5 f6 30. exf6+ Kxf6 31. Rb3 Rd4 32. Rxb7 Kf5 33. Rb5+ Kf6 34. Rg5 Rd1+ 35. Kf2 Re8 36. Kf3 Rd3+ 37. Kg4 Rd2 38. Be4 Rxh2 39. Rxg6+ Kf7 40. Rg5 1-0

[Event "Live Chess"]
[Site "Chess.com"]
[Date "2010.12.08"]
[Round "-"]
[White "hipposcottimus"]
[Black "vviinncceenntt"]
[Result "1/2-1/2"]
[CurrentPosition "8/8/8/2k5/8/2K5/8/8 w - -"]
[Timezone "UTC"]
[ECO "C41"]
[ECOUrl "https://www.chess.com/openings/Philidor-Defense-3.Bc4"]
[UTCDate "2010.12.08"]
[UTCTime "02:35:16"]
[WhiteElo "1398"]
[BlackElo "1385"]
[TimeControl "600"]
[Termination "Game drawn by insufficient material"]
[StartTime "02:35:16"]
[EndDate "2010.12.08"]
[EndTime "02:53:23"]
[Link "https://www.chess.com/game/live/75116919"]

1. e4 e5 2. Nf3 d6 3. Bc4 Be6 4. Na3 Bxc4 5. Nxc4 Nf6 6. d3 Be7 7. Ne3 O-O 8. O-O a6 9. d4 exd4 10. Nxd4 Qd7 11. f3 Nc6 12. Ndf5 Ne5 13. Qe1 Ng6 14. Qg3 h6 15. Ng4 Nxg4 16. Qxg4 Qe6 17. Bxh6 gxh6 18. Qh5 Nf4 19. Qg4+ Ng6 20. Nxh6+ Kg7 21. Nf5+ Kg8 22. f4 Qf6 23. Rf3 Rfc8 24. Nxe7+ Qxe7 25. f5 Qh4 26. Rg3 Qxg4 27. Rxg4 Kg7 28. fxg6 fxg6 29. Rf1 Rf8 30. Re1 Rae8 31. Re3 c6 32. c3 b6 33. b3 a5 34. a3 b5 35. h4 Kh6 36. Kh2 Rg8 37. g3 g5 38. hxg5+ Rxg5 39. Rh4+ Kg6 40. Kh3 d5 41. b4 dxe4 42. Rhxe4 Rxe4 43. Rxe4 axb4 44. axb4 Rf5 45. Re6+ Rf6 46. Rxf6+ Kxf6 47. Kh4 Kg6 48. g4 Kh6 49. g5+ Kg6 50. Kg4 Kg7 51. Kh5 Kh7 52. g6+ Kg7 53. Kg5 Kg8 54. Kh6 Kh8 55. g7+ Kg8 56. Kg5 Kxg7 57. Kf5 Kf7 58. Ke5 Ke7 59. Kd4 Kd7 60. Kc5 Kc7 61. c4 bxc4 62. Kxc4 Kb6 63. Kd4 Kb5 64. Kc3 c5 65. bxc5 Kxc5 1/2-1/2

[Event "Live Chess"]
[Site "Chess.com"]
[Date "2010.12.08"]
[Round "-"]
[White "chessmuntu"]
[Black "hipposcottimus"]
[Result "0-1"]
[CurrentPosition "6k1/pr4pp/1r6/1P6/P1n5/8/5PPP/4R1K1 w - -"]
[Timezone "UTC"]
[ECO "D10"]
[ECOUrl "https://www.chess.com/openings/Slav-Defense-Exchange-Variation"]
[UTCDate "2010.12.08"]
[UTCTime "02:28:19"]
[WhiteElo "1573"]
[BlackElo "1700"]
[TimeControl "60"]
[Termination "hipposcottimus won on time"]
[StartTime "02:28:19"]
[EndDate "2010.12.08"]
[EndTime "02:30:25"]
[Link "https://www.chess.com/game/live/75115420"]

1. d4 d5 2. c4 c6 3. cxd5 Nd7 4. Nc3 Ndf6 5. dxc6 bxc6 6. e3 e6 7. Be2 Bb4 8. Nf3 Ne7 9. O-O Ned5 10. Qc2 O-O 11. a3 Bxc3 12. bxc3 Ne4 13. Bb2 Nef6 14. c4 Nc7 15. Qc3 Ba6 16. e4 e5 17. dxe5 Nxe4 18. Qd3 Nc5 19. Qxd8 Raxd8 20. e6 Na4 21. exf7+ Rxf7 22. Be5 Ne6 23. Bd1 Nac5 24. Bd6 Rxd6 25. Ne5 Re7 26. Bf3 Nd3 27. Bxc6 Nxe5 28. Bb5 Bxb5 29. cxb5 Rb6 30. a4 Reb7 31. Rae1 Nc4 32. Rxe6 Rxe6 33. Re1 Reb6 0-1

[Event "Live Chess"]
[Site "Chess.com"]
[Date "2010.12.08"]
[Round "-"]
[White "hipposcottimus"]
[Black "chessmuntu"]
[Result "1-0"]
[CurrentPosition "rn1B1b1r/pp6/2pk2Q1/3p3p/3P4/8/PPP4P/RN2KB1R b KQ -"]
[Timezone "UTC"]
[ECO "B12"]
[ECOUrl "https://www.chess.com/openings/Caro-Kann-Defense-Advance-Variation-3...Bf5"]
[UTCDate "2010.12.08"]
[UTCTime "02:27:22"]
[WhiteElo "1695"]
[BlackElo "1578"]
[TimeControl "60"]
[Termination "hipposcottimus won by resignation"]
[StartTime "02:27:22"]
[EndDate "2010.12.08"]
[EndTime "02:28:05"]
[Link "https://www.chess.com/game/live/75115192"]

1. e4 c6 2. d4 d5 3. e5 Bf5 4. f4 e6 5. Nf3 Bg6 6. g4 h6 7. f5 exf5 8. Nh4 fxg4 9. Nxg6 fxg6 10. Qxg4 h5 11. Qxg6+ Ke7 12. Bg5+ Nf6 13. exf6+ gxf6 14. Bxf6+ Kd6 15. Bxd8+ 1-0

[Event "Live Chess"]
[Site "Chess.com"]
[Date "2010.12.08"]
[Round "-"]
[White "chessmuntu"]
[Black "hipposcottimus"]
[Result "1-0"]
[CurrentPosition "5r2/ppp3p1/5pk1/4p3/3rP1R1/P2P2K1/BP6/8 b - -"]
[Timezone "UTC"]
[ECO "C24"]
[ECOUrl "https://www.chess.com/openings/Bishops-Opening-Berlin-Defense-3.d3-Nc6"]
[UTCDate "2010.12.08"]
[UTCTime "02:24:55"]
[WhiteElo "1584"]
[BlackElo "1689"]
[TimeControl "60"]
[Termination "chessmuntu won on time"]
[StartTime "02:24:55"]
[EndDate "2010.12.08"]
[EndTime "02:27:08"]
[Link "https://www.chess.com/game/live/75114669"]

1. e4 e5 2. Bc4 Nf6 3. d3 Nc6 4. a3 d5 5. Ba2 Be7 6. Nf3 O-O 7. O-O d4 8. c3 Bc5 9. cxd4 Nxd4 10. Bg5 Bg4 11. Nbd2 Qd6 12. h3 Bh5 13. Qa4 Nxf3+ 14. Nxf3 Bxf3 15. gxf3 Nh5 16. Bh4 Nf4 17. Kh2 Qg6 18. Bg3 Ne2 19. Rg1 Qf6 20. Qd7 Qxf3 21. Qg4 Qxg4 22. hxg4 Nxg3 23. Rxg3 Bxf2 24. Rag1 Bxg3+ 25. Rxg3 Rad8 26. g5 Rd4 27. g6 hxg6 28. Rxg6 Kh7 29. Rg3 f6 30. Rh3+ Kg6 31. Kg3 Kg5 32. Rh4 Kg6 33. Rg4+ 1-0

[Event "Live Chess"]
[Site "Chess.com"]
[Date "2010.12.08"]
[Round "-"]
[White "hipposcottimus"]
[Black "chessmuntu"]
[Result "1-0"]
[CurrentPosition "5r2/2p1k3/p4n2/1pP1p1Bp/4P1pP/2P3P1/P5B1/2KR1R2 b - -"]
[Timezone "UTC"]
[ECO "B07"]
[ECOUrl "https://www.chess.com/openings/Pirc-Defense-Maroczy-Defense-3.dxe5-dxe5-4.Qxd8-Kxd8"]
[UTCDate "2010.12.08"]
[UTCTime "02:23:23"]
[WhiteElo "1699"]
[BlackElo "1572"]
[TimeControl "60"]
[Termination "hipposcottimus won by resignation"]
[StartTime "02:23:23"]
[EndDate "2010.12.08"]
[EndTime "02:24:42"]
[Link "https://www.chess.com/game/live/75114371"]

1. e4 d6 2. d4 e5 3. dxe5 dxe5 4. Qxd8+ Kxd8 5. Nf3 Bd7 6. Nxe5 Be6 7. f4 Nf6 8. f5 Bb4+ 9. c3 Bc5 10. fxe6 fxe6 11. Nf7+ Ke7 12. Nxh8 Nbd7 13. Be2 Ne5 14. Nd2 Rxh8 15. Nf3 Nxf3+ 16. Bxf3 Rd8 17. Bd2 g5 18. O-O-O h6 19. g3 a6 20. h4 g4 21. Bg2 h5 22. Rhf1 b5 23. Bg5 Rf8 24. b4 e5 25. bxc5 1-0